 Dungeon Crawl Stone Soup version 0.23-a0-29-g1be82e5 (console) character file.

119 removed the Caller (level 4, 0/49 HPs)
             Began as a Demigod Summoner on Aug 3, 2018.
             Succumbed to an orc's poison
             ... on level 3 of the Dungeon.
             The game lasted 00:07:24 (3137 turns).

removed the Caller (Demigod Summoner)               Turns: 3137, Time: 00:07:25

Health: 0/49       AC: 22    Str: 11    XL:     4   Next: 46%
Magic:  11/11      EV:  2    Int: 21    God:
Gold:   156        SH:  0    Dex: 16    Spells: 7/8 levels left

rFire    . . .     SeeInvis .   x - +1 whip (vamp)
rCold    + . .     Gourm    .   (no shield)
rNeg     + + +     Faith    .   (armour currently unavailable)
rPois    +         Spirit   .   (helmet currently unavailable)
rElec    .         Reflect  .   (cloak currently unavailable)
rCorr    .         Harm     .   (gloves currently unavailable)
MR       .....     NoTele   +   (boots currently unavailable)
Stlth    ++........             (no amulet)
HPRegen  0.16/turn              v - ring of flight
MPRegen  0.12/turn              y - ring of protection from cold

@: lethally poisoned (0 -> -18), tree-form
A: high mp 1, mutation resistance 1
a: no special abilities


You were on level 3 of the Dungeon.
You were not hungry.
You were a tree.
You visited 1 branch of the dungeon, and saw 3 of its levels.

You collected 156 gold pieces.

Inventory:

Hand Weapons
 a - a +0 rapier
 e - a +0 club
 q - a +0 dagger
 x - a +1 vampiric whip (weapon)
Missiles
 d - 21 stones (quivered)
Armour
 g - a +0 pair of gloves (melded)
 m - a +0 robe (melded)
 t - a +1 hat (melded)
Jewellery
 v - a ring of flight (left branch)
 y - a ring of protection from cold (right branch)
Scrolls
 j - a scroll of remove curse
 k - a scroll of enchant armour {unknown}
 n - 2 scrolls of noise {unknown}
 p - a scroll of fog {unknown}
 r - a scroll of enchant weapon {unknown}
 s - a scroll of magic mapping {unknown}
 w - 3 scrolls of blinking {unknown}
Comestibles
 c - a ration
 u - 7 chunks of flesh


   Skills:
 - Level 1.7 Dodging
 - Level 1.7 Stealth
 + Level 2.9 Spellcasting
 - Level 5.0 Summonings


You had 7 spell levels left.
You knew the following spells:

 Your Spells              Type           Power        Failure   Level  Hunger
a - Summon Small Mammal   Summ           ###.         1%          1    None

Your spell library contained the following spells:

 Spells                   Type           Power        Failure   Level  Hunger
 Summon Ice Beast         Ice/Summ       ##......     43%         4    ####...
 Call Imp                 Summ           ###.....     2%          2    ##.....
 Call Canine Familiar     Summ           ###.....     5%          3    ###....
 Summon Lightning Spire   Summ/Air       ##......     43%         4    ####...
 Summon Guardian Golem    Hex/Summ       ##......     14%         3    ###....


Dungeon Overview and Level Annotations

Branches:
Dungeon (3/15)


Innate Abilities, Weirdness & Mutations

You have an increased reservoir of magic. (+10% MP)
((You have very sharp teeth.))
((Your flesh is heat resistant. (rF+)))
You are somewhat resistant to further mutation.


Message History

The orc hits you from afar with a trident of venom.
* * * LOW HITPOINT WARNING * * *
You feel extremely strange.
Your wild genetic ride slows down.
Nature stops experimenting on you.
You feel genetically stable.
You feel resistant to heat.
* * * LOW HITPOINT WARNING * * *
You feel sick. The orc hits you but does no damage.
You aren't carrying any items that you can evoke.
You aren't carrying any potions.
You cannot move.
* * * LOW HITPOINT WARNING * * *
You feel sick. The orc hits you but does no damage.
* * * LOW HITPOINT WARNING * * *
You feel sick.
* * * LOW HITPOINT WARNING * * *
You feel sick.
The orc hits you from afar with a trident of venom.
* * * LOW HITPOINT WARNING * * *
You are more poisoned.
You die...

##.# .... ... #
# #.. #.#
################
#.. #.#
#..♣...........#
###.. #.#.#
#o############.#
.....#.# #.###.#
#.# P.Po.o##
##....# #.#
._...#.###.#####
#.# P.P..##.#.##
.>...####.#####
..... ##.##
..##...........
.#.#. ### ###
#..#######.....
.### .. #.#
#......<


You could see an orc.

Vanquished Creatures
  Jessica (D:3)
  A worker ant (D:2)
  2 adders
  3 oozes
  A leopard gecko (D:2)
  A giant cockroach (D:2)
  5 goblins
  A hobgoblin (D:2)
  3 jackals
  4 bats
  3 frilled lizards
  2 kobolds
  7 rats
34 creatures vanquished.

Vanquished Creatures (collateral kills)
  An ooze (D:3)
  2 goblins (D:1)
  5 hobgoblins (D:1)
  3 jackals
  4 kobolds (D:1)
  A bat (D:1)
  A frilled lizard (D:1)
  2 rats
19 creatures vanquished.

Grand Total: 53 creatures vanquished

Notes
Turn   | Place    | Note
-------+----------+-------------------------------------------
     0 | D:1      | removed the Demigod Summoner began the quest for the Orb.
     0 | D:1      | Reached XP level 1. HP: 14/14 MP: 5/5
   159 | D:1      | Reached skill level 4 in Summonings
   697 | D:1      | Reached XP level 2. HP: 19/20 MP: 7/7
  1900 | D:2      | Found a radiant altar of Vehumet.
  1900 | D:2      | Found a bloodstained altar of Trog.
  1975 | D:2      | Gained mutation: You evolve. [potion of mutation]
  1975 | D:2      | Gained mutation: You rapidly evolve. [potion of mutation]
  1984 | D:2      | Reached XP level 3. HP: 21/26 MP: 4/8
  2519 | D:2      | Reached skill level 5 in Summonings
  2778 | D:2      | Gained mutation: You have very sharp teeth. [evolution]
  2787 | D:3      | Noticed Jessica
  2797 | D:3      | Killed Jessica
  2797 | D:3      | Reached XP level 4. HP: 17/33 MP: 6/10
  3115 | D:3      | Found a basalt altar of Yredelemnul.
  3133 | D:3      | Lost mutation: You rapidly evolve. [potion of mutation]
  3133 | D:3      | Lost mutation: You evolve. [potion of mutation]
  3133 | D:3      | Gained mutation: You are somewhat resistant to further mutation. [potion of mutation]
  3133 | D:3      | Gained mutation: Your flesh is heat resistant. (rF+) [potion of mutation]
  3136 | D:3      | HP: 1/49 [orc/trident of venom (2)]
  3137 | D:3      | Succumbed to an orc's poison

Vault maps used:
D:1:      erik_arrival_gehennom
D:2:      amethyst_overflow_temple_binary, first_ration
D:3:      yredelemnul_altar_generic, uniq_jessica

Skill      XL: |  1  2  3 |
---------------+----------+-----
Summonings     | 4 5 |  5.0
Spellcasting   | 2 |  2.9
Dodging        | |  1.7
Stealth        | |  1.7

Action                   |  1- 3 |  4- 6 || total
-------------------------+-------+-------++-------
Melee: Club              |    17 |       ||    17
       Dagger            |    38 |       ||    38
       Rapier            |    35 |       ||    35
       Whip              |     5 |    28 ||    33
       Bite              |       |     3 ||     3
 Cast: Summon Small Mamm |    45 |       ||    45
  Use: Potion            |     2 |     2 ||     4
       Scroll            |     1 |       ||     1
 Stab: Sleeping          |     4 |     1 ||     5
       Distracted        |     2 |       ||     2
  Eat: Chunk             |     6 |       ||     6
       Ration            |     2 |       ||     2
Armor: Robe              |    26 |     4 ||    30
       Skin              |       |     2 ||     2
Dodge: Dodged            |    93 |    16 ||   109

Table legend:
 A = Spawn XP
 B = Non-spawn XP
 C = Spawn XP percentage of total XP
 D = Spawn monster count
 E = Non-spawn monster count
 F = Spawn count percentage of total count
 G = Total turns spent on level
                    A         B        C        D         E        F      G
               +---------+---------+-------+---------+---------+-------+---------
         Total |       0 |     170 |   0.0 |       0 |      53 |   0.0 |  3137
               +---------+---------+-------+---------+---------+-------+---------
           D:1 |       0 |      42 |   0.0 |       0 |      26 |   0.0 |  1661
           D:2 |       0 |      64 |   0.0 |       0 |      19 |   0.0 |  1126
           D:3 |       0 |      64 |   0.0 |       0 |       8 |   0.0 |   350
               +---------+---------+-------+---------+---------+-------+---------
